 Dungeon Crawl Stone Soup version 0.29-a0-575-g0dc89cf053 (webtiles) character file.

Game seed: 9507762070045274172

21 spaghetti the Digger (level 2, 0/20 HPs)
             Began as a Gnoll Earth Elementalist on June 12, 2022.
             Was a Follower of the Shining One.
             Slain by a gnoll
             ... wielding a +0 spear
              (7 damage)
             ... on level 2 of the Dungeon.
             The game lasted 00:01:07 (811 turns).

spaghetti the Digger (Gnoll Earth Elementalist)      Turns: 811, Time: 00:01:07

Health: 0/20       AC:  2    Str:  7    XL:     2   Next: 87%
Magic:  5/7        EV: 13    Int: 14    God:    the Shining One [*.....]
Gold:   60         SH:  0    Dex: 12    Spells: 9/10 levels left

rFire   + . .      SeeInvis .   d - staff of fire {!astaff}
rCold   . . .      Faith    .   (no shield)
rNeg    . . .      Spirit   .   a - +0 robe
rPois   .          Reflect  .   (no helmet)
rElec   .          Harm     .   (no cloak)
rCorr   .          Rampage  .   (no gloves)
Will    .....                   (no boots)
Stlth   +.........              (no amulet)
HPRegen 0.06/turn               (no ring)
MPRegen 0.10/turn               (no ring)

@: glowing
A: fangs 1, strong nose, distributed training
a: Renounce Religion, Divine Shield


You were on level 2 of the Dungeon.
You worshipped the Shining One.
The Shining One was aware of your devotion.
You visited 1 branch of the dungeon, and saw 2 of its levels.

You collected 60 gold pieces.


Innate Abilities, Weirdness & Mutations

You have very sharp teeth.
Your uncanny sense of smell can sniff out nearby items.
Your experience applies equally to all skills.


   Skills:
 + Level 0.5 Fighting
 + Level 0.5 Short Blades
 + Level 0.5 Long Blades
 + Level 0.5 Axes
 + Level 0.5 Maces & Flails
 + Level 0.5 Polearms
 + Level 0.5 Staves
 + Level 0.5 Slings
 + Level 0.5 Bows
 + Level 0.5 Crossbows
 + Level 0.5 Throwing
 + Level 0.5 Armour
 + Level 4.5 Dodging
 + Level 4.1 Stealth
 + Level 0.5 Shields
 + Level 0.5 Unarmed Combat
 + Level 4.9 Spellcasting
 + Level 0.4 Conjurations
 + Level 0.4 Hexes
 + Level 0.4 Summonings
 + Level 0.4 Necromancy
 + Level 0.4 Translocations
 + Level 2.0 Transmutations
 + Level 0.4 Fire Magic
 + Level 0.4 Ice Magic
 + Level 0.4 Air Magic
 + Level 5.4 Earth Magic
 + Level 0.4 Poison Magic
 + Level 0.7 Invocations
 + Level 0.5 Evocations


You had 9 spell levels left.
You knew the following spells:

 Your Spells              Type           Power      Damage    Failure   Level
a - Sandblast             Erth           36%        2d10      1%          1

Your spell library contained the following spells:

 Spells                   Type           Power      Damage    Failure   Level
 Passwall                 Tmut/Erth      10%        N/A       6%          2
 Stone Arrow              Conj/Erth      22%        3d8       16%         3
 Petrify                  Tmut/Erth      13%        N/A       36%         4
 Animate Dead             Necr           4%         N/A       83%         4
 Borgnjor's Vile Clutch   Necr/Erth      5%         N/A       83%         5
 Death Channel            Necr           2%         N/A       100%        6

Inventory:

Missiles
 i - 19 stones {throwing}
Armour
 a - a +0 robe (worn)
Magical Staves
 d - a staff of fire (weapon) {!astaff}
   (You found it on level 1 of the Dungeon)
Scrolls
 g - a scroll of identify {unknown}
 h - a scroll of fog {unknown}
 j - a scroll of poison {unknown}
Potions
 b - a potion of magic
 c - a potion of attraction {unknown}
 e - a potion of curing {unknown}
 f - a potion of invisibility {unknown}

Dungeon Overview and Level Annotations

Branches:
Dungeon (2/15)

Altars:
The Shining One

.# #........# .#
#........#
.######........##
................#
.######.........#
## #.........#
#########.## #..#
##@# #..........#
#.g.)......#
#...[......#
#.g........#
g...........
######..###.# #.#
?#


You could see 3 gnolls.


Message History

Aiming: Sandblast (safe; 1% risk of failure)
Press: ? - help, Shift-Dir - straight line, f - kobold
Aim: a kobold, wielding a +0 whip and quivering stones (74% to hit)
The blast of sand hits the kobold but does no damage.
The kobold throws a stone.
The stone completely misses you. 😎 MP[-1]
You lost 1 mp, and now have 6/7 mp.
Casting: Sandblast (safe; 1% risk of failure)
Confirm with . or Enter, or press ? or * to list all spells.
Aiming: Sandblast (safe; 1% risk of failure)
Press: ? - help, Shift-Dir - straight line, f/p - kobold
Aim: a kobold, wielding a +0 whip and quivering stones (74% to hit)
The blast of sand hits the kobold.
You kill the kobold! 😎 MP[-1]
You lost 1 mp, and now have 5/7 mp.
Casting: Sandblast (safe; 1% risk of failure)
Confirm with . or Enter, or press ? or * to list all spells.
You can't see any susceptible monsters within range! (Use Z to cast anyway.)
You now have 41 gold pieces (gained 11).
i - 19 stones {throwing} (gained 1)
You see here a +0 whip {mace}. 😎 MP[+2]
Your mp is fully restored (7).
Key pressed, stopping explore.
Key pressed, stopping explore.
Done exploring.
Okay, then.
Done exploring.
Done exploring.
Done exploring.
Done exploring.
(D) Dungeon
Where to? (? - help)
You see here a +0 ring mail.
There is a stone staircase leading down here.
You climb downwards.
Found a stone staircase leading down.
There is a stone staircase leading up here.
Unknown command.
Unknown command.
Key pressed, stopping explore.
A bat comes into view.
A bat is nearby!
The blast of sand hits the bat.
You kill the bat! 😎 MP[-1]
You lost 1 mp, and now have 6/7 mp.
No target in view!
No target in view!
No target in view!
You now have 50 gold pieces (gained 9).
A ball python comes into view.
You see here 10 gold pieces. 😎 MP[+1]
Your mp is fully restored (7).
A ball python is nearby!
A ball python is nearby!
You see here a scroll labelled WEOLONA VYDWOA.
The blast of sand hits the ball python!
You kill the ball python! 😎 MP[-1]
You lost 1 mp, and now have 6/7 mp.
No target in view!
No target in view!
No target in view!
j - a scroll labelled WEOLONA VYDWOA 😎 MP[+1]
Your mp is fully restored (7).
You now have 60 gold pieces (gained 10).
A gnoll comes into view. It is wielding a +0 halberd.
The gnoll shouts!
You hear a shout!
A gnoll comes into view. It is wielding a +0 spear.
There are monsters nearby!
There are monsters nearby!
No target in range!
Casting: Sandblast (safe; 1% risk of failure)
Confirm with . or Enter, or press ? or * to list all spells.
Aiming: Sandblast (safe; 1% risk of failure)
Press: ? - help, Shift-Dir - straight line, f - gnoll
Aim: a gnoll, wielding a +0 halberd (82% to hit)
The blast of sand hits the gnoll.
A gnoll comes into view. It is wielding a +0 whip.
The gnoll hits you from afar with a +0 halberd!
Ouch! That really hurt!
* * * LOW HITPOINT WARNING * * *
😨 HP[-13] MP[-1]
You take 13 damage, and now have 7/20 hp.
MASSIVE DAMAGE!! (PAUSE)
You lost 1 mp, and now have 6/7 mp.
Casting: Sandblast (safe; 1% risk of failure)
Confirm with . or Enter, or press ? or * to list all spells.
Aiming: Sandblast (safe; 1% risk of failure)
Press: ? - help, Shift-Dir - straight line, f/p - gnoll
Aim: a gnoll, wielding a +0 halberd (moderately wounded, 82% to hit)
The blast of sand hits the gnoll!!
You kill the gnoll!
A gnoll comes into view. It is wielding a +0 spear.
The gnoll hits you from afar with a +0 spear!
You die...

Skill      XL: |  1 |
---------------+----+-----
Transmutations | 2 |  2.0
Fighting       | |  0.5
Short Blades   | |  0.5
Long Blades    | |  0.5
Axes           | |  0.5
Maces & Flails | |  0.5
Polearms       | |  0.5
Staves         | |  0.5
Slings         | |  0.5
Bows           | |  0.5
Crossbows      | |  0.5
Throwing       | |  0.5
Armour         | |  0.5
Dodging        | |  4.5
Stealth        | |  4.1
Shields        | |  0.5
Unarmed Combat | |  0.5
Spellcasting   | |  4.9
Conjurations   | |  0.4
Hexes          | |  0.4
Summonings     | |  0.4
Necromancy     | |  0.4
Translocations | |  0.4
Fire Magic     | |  0.4
Ice Magic      | |  0.4
Air Magic      | |  0.4
Earth Magic    | |  5.4
Poison Magic   | |  0.4
Invocations    | |  0.7
Evocations     | |  0.5

Action                   || total
-------------------------++-------
 Cast: Sandblast         ||    27
Armor: Robe              ||     1
Dodge: Dodged            ||    21

Levels and vault maps discovered:
D:1:      wander_arrival_fairy_ring, layout_basic,
          hellmonk_ecumenical_altar_run_dry, chequers_serial_rivers_small_b,
          nrook_loot_triangle
D:2:      layout_basic, serial_shops, nicolae_shop_bloodbath_and_beyond,
          basic_altar, uniq_jessica, uniq_terence, uniq_natasha

Notes
Turn   | Place    | Note
-------+----------+-------------------------------------------
     0 | D:1      | spaghetti the Gnoll Earth Elementalist began the quest for
                  | the Orb.
     0 | D:1      | Reached XP level 1. HP: 13/13 MP: 6/6
     0 | D:1      | magus.rc [v1.9.6]
    58 | D:1      | Reached skill level 2 in Transmutations
   167 | D:1      | Reached XP level 2. HP: 19/19 MP: 5/7
   437 | D:1      | You pick up a book of Unlife and begin reading...
   437 | D:1      | You add the spells Animate Dead, Borgnjor's Vile Clutch and
                  | Death Channel to your library.
   550 | D:1      | Found a faded altar of an unknown god.
   558 | D:1      | Prayed at the altar of an unknown god.
   558 | D:1      | Became a worshipper of the Shining One
   558 | D:1      | Reached * piety under the Shining One
   811 | D:2      | Slain by a gnoll

Vanquished Creatures
  A gnoll (D:2)
  4 endoplasms (D:1)
  3 giant cockroaches (D:1)
  A hobgoblin (D:1)
  2 kobolds (D:1)
  4 ball pythons
  2 bats
  A frilled lizard (D:1)
  A rat (D:1)
19 creatures vanquished.

Table legend:
 A = Non-vault XP
 B = Vault XP
 C = Vault XP percentage of total XP
 D = Non-vault monster count
 E = Vault monster count
 F = Vault count percentage of total count
                 A         B        C        D         E       F
            +---------+---------+-------+---------+---------+-------
      Total |      45 |       0 |   0.0 |      19 |       0 |   0.0
            +---------+---------+-------+---------+---------+-------
        D:1 |      28 |       0 |   0.0 |      16 |       0 |   0.0
        D:2 |      17 |       0 |   0.0 |       3 |       0 |   0.0
            +---------+---------+-------+---------+---------+-------

Illustrated notes

Table legend:
 A = Kills in this place as a percentage of kills in entire the game.
 B = Kills by you in this place as a percentage of kills by you in the entire game.
 C = Kills by friends in this place as a percentage of kills by friends in the entire game.
 D = Other kills in this place as a percentage of other kills in the entire game.
 E = Experience gained in this place as a percentage of experience gained in the entire game.
 F = Experience gained in this place divided by the number of levels of this place that you have seen.
                   A       B       C       D       E      F
               +-------+-------+-------+-------+-------+----------------------
         Total | 100.0 | 100.0 |   N/A |   N/A | 100.0 |  22.5
       Dungeon | 100.0 | 100.0 |   N/A |   N/A | 100.0 |  22.5
               +-------+-------+-------+-------+-------+----------------------

Table legend: (Time is in decaauts)
 A = Elapsed time spent in this place.
 B = Non-inter-level travel time spent in this place.
 C = Inter-level travel time spent in this place.
 D = Time resting spent in this place.
 E = Time spent auto-exploring this place.
 F = Levels seen in this place.
 G = Mean time per level.
                   A        B        C        D        E       F      G
               +--------+--------+--------+--------+--------+-----+--------+
         Total |    836 |    814 |     22 |      0 |    705 |   2 |  418.0 |
       Dungeon |    836 |    814 |     22 |      0 |    705 |   2 |  418.0 |
               +--------+--------+--------+--------+--------+-----+--------+

Top non-repeatable levels by time:
     D:1: 753 daAuts
     D:2: 82 daAuts
